 Dungeon Crawl Stone Soup version 0.20.1-1-g8b1a95d (webtiles) character file.

511197 Marthos the Slayer (level 25, -1/176 HPs)
             Began as a Gargoyle Berserker on Dec 6, 2017.
             Was a High Priest of Trog.
             Splashed by a yellow draconian monk's acid (16 damage)
             ... on level 5 of the Depths.
             The game lasted 00:40:25 (57281 turns).

Marthos the Slayer (Gargoyle Berserker)            Turns: 57281, Time: 00:40:25

Health: -1/176     AC: 59    Str: 31    XL:     25   Next: 54%
Magic:  7/7        EV: 12    Int:  8    God:    Trog [*****.]
Gold:   2208       SH: 27    Dex:  9    Spells: 24/24 levels left

rFire    . . .     SeeInvis +   k - +9 broad axe (antimagic)
rCold    + + .     Gourm    .   I - +2 large shield
rNeg     + . .     Faith    +   h - +7 plate armour {rC+}
rPois    ∞         Spirit   .   l - +2 hat {MR+}
rElec    +         Reflect  .   K - +2 cloak {rPois}
rCorr    .         Harm     .   q - +2 pair of gloves {archery}
MR       ++...                  a - +2 pair of boots
Stlth    ..........             s - amulet of faith
Regen    0.4/turn               M - ring of see invisible
MPRegen  0.1/turn               J - +3 ring of slaying {mikee}

@: berserk cooldown, flying, slowed, very slow
A: big wings, beak, cold resistance 1, dopey 1, negative energy resistance 1,
electricity resistance, unbreathing, petrification resistance, rot immunity, AC
+19
}: 2/15 runes: barnacled, gossamer
a: Stop Flying, Berserk, Trog's Hand, Brothers in Arms, Burn Spellbooks,
Renounce Religion


You were on level 5 of the Depths.
You worshipped Trog.
Trog was extremely pleased with you.
You were hungry.

You visited 7 branches of the dungeon, and saw 40 of its levels.

You collected 4903 gold pieces.
You spent 2695 gold pieces at shops.


Innate Abilities, Weirdness & Mutations

You are resistant to torment.
Your stone body is resilient. (AC +19)
You are immune to poison.
Your large and strong wings let you fly indefinitely.
You resist negative energy. (rN+)
You are resistant to electric shocks. (rElec)
You can survive without breathing.
You are immune to petrification.
You are immune to rotting.
You have a beak for a mouth.
Your flesh is cold resistant. (rC+)
You are dopey. (Int -2)


   Skills:
 - Level 23.0 Fighting
 - Level 18.0 Axes
 - Level 21.0 Armour
 - Level 9.0 Dodging
 + Level 22.4 Shields


You had 24 spell levels left.
You didn't know any spells.

Inventory:

Hand Weapons
 k - a +9 antimagic broad axe (weapon)
Armour
 a - a +2 pair of boots (worn)
 h - a +7 plate armour of cold resistance (worn)
 l - a +2 hat of magic resistance (worn)
 q - a +2 pair of gloves of archery (worn)
 r - +3 fire dragon scales {Xtahua}
 w - a +1 plate armour of cold resistance
 C - a +1 pair of gloves
 I - a +2 large shield (worn)
 K - a +2 cloak of poison resistance (worn)
Jewellery
 s - an amulet of faith (around neck)
 u - an uncursed ring of see invisible
 v - an uncursed ring of fire
 x - a +4 ring of strength
 A - an uncursed ring of protection from cold
 J - a +3 ring of slaying (right hand) {mikee}
 M - a ring of see invisible (left hand)
 Y - an uncursed ring of protection from fire
Wands
 j - a wand of enslavement (8/24)
Scrolls
 b - 12 scrolls of recharging
 g - 25 scrolls of identify
 o - 10 scrolls of remove curse
 y - 3 scrolls of enchant weapon
Potions
 d - 11 potions of haste
 i - 7 potions of mutation
 m - a potion of might
 p - 11 potions of curing
 t - a potion of resistance
Comestibles
 c - 25 bread rations
 e - 8 fruits
 f - a royal jelly
 n - 21 meat rations
 B - 3 chunks of flesh

Dungeon Overview and Level Annotations

Branches:
Dungeon (15/15)            Temple (0/1) D:5            Lair (6/6) D:10
 Shoals (4/4) Lair:2       Spider (4/4) Lair:2        Slime (0/5) Lair:5
    Orc (2/2) D:12            Elf (0/3) Orc:2        Vaults (4/5) D:13
  Crypt (0/3) Vaults:2     Depths (5/5) D:15            Zot (0/5) Depths:5

Altars:
Ashenzari
Dithmenos
Elyvilon
Fedhas
Gozag
Makhleb
Okawaru
Ru
Vehumet
Xom
Yredelemnul
The Shining One
Lugonu

Shops:
D:6 !   Orc:1 ((*   Orc:2 %*%=(   Vaults:2 [   Depths:2 (   Depths:4 }}=
Depths:5 *

Portals:
Hell: Lair:6 Depths:1 Depths:2 Depths:3 Depths:4 Depths:5
Abyss: Depths:4
Pandemonium: Depths:1 Depths:3
Ziggurat: Depths:1
Trove: D:10 (give +3 gold dragon scales)

Annotations:
D:4 1 runed door


Message History

You open the green draconian monk like a pillowcase!!!
The green draconian monk is severely wounded.
You hear a roar!
You open the green draconian monk like a pillowcase!!!
You kill the green draconian monk!
Trog accepts your kill.
Eat one of 4 chunks of flesh? (ye/n/q)
You eat one of the 4 chunks of flesh.
This raw flesh tastes terrible.
You are feeling hungry.
A yellow draconian monk comes into view.
You feel a strong urge to attack something.
Found a glowing leather armour.
Things that are here:
a cloak x2; a green draconian corpse {noeat} You are no longer berserk.
You are exhausted.
You feel yourself slow down.
The yellow draconian monk throws acid at you.
The glob of acid hits you!
You are splashed with acid!
The acid burns!
You die...

.¤¤¤~¤~~~¤¤~~~~¤¤~~¤~....~~~¤~~~~
.¤¤~#####¤¤~~~~~¤~~~~)...~~~~~¤~¤
..¤¤#.d.#.¤..¤..¤.............¤¤¤
..~¤#...#############''''########
.P~~###+# #.......#).).# ..~~~.#
#.......#....#.. ..~~~.#
#.)..)..')...'... ..¤~~.#
#)############### ..~~~.#
#)[.@.q.# ..~¤~¤# #.........q~
..~¤¤¤# #.........~~ ..~~~.#
.........#... ..~~~.#
....######## .\ ..~~###+#.... ..[
#
.P~~#...#########################
..~~#...#....¤....¤.....¤¤.....%.
..¤~#####~~¤~~~~~¤~~~~~~¤¤~~~¤~~~


You could see 2 draconians.

Vanquished Creatures
  An ancient lich (Depths:3)
  3 greater mummies (Depths:4)
  Boris (Depths:5)
  Saint Roka (Vaults:4)
  Xtahua (Vaults:4)
  Nikola (Spider:1)
  3 golden dragons
  Jorgrun (Shoals:3)
  Rupert (Lair:6)
  4 liches
  A quicksilver dragon (Depths:5)
  Frances (D:13)
  2 storm dragons
  A shadow dragon (shapeshifter) (Vaults:3)
  Gastronok (D:11)
  A tengu reaver (Depths:4)
  Ilsuiw (Shoals:4)
  5 draconian monks (Depths:5)
  3 fire giants
  6 frost giants
  9 vault wardens
  A deep elf sorcerer (Vaults:4)
  4 ghost moths (Spider:4)
  An orc warlord (Orc:1)
  The ghost of yogakurto the Cruncher, a journeyman TrWn of Ru (D:13)
  4 emperor scorpions
  A deep elf elementalist (Depths:5)
  A spriggan defender (Depths:4)
  14 ironheart preservers
  13 very ugly things
  19 stone giants
  6 entropy weavers
  5 green draconians (Depths:5)
  2 war gargoyles
  A dire elephant (Lair:6)
  2 purple draconians (Depths:5)
  A deep elf demonologist (Vaults:3)
  A vampire knight (Depths:4)
  4 deep elf annihilators
  2 black draconians (Depths:5)
  9 spark wasps
  2 red draconians (Depths:5)
  4 jiangshi
  2 mummy priests (Depths:4)
  4 merfolk javelineers
  15 fire dragons
  12 yaktaur captains
  13 merfolk impalers
  2 deep elf death magi (Vaults:4)
  11 ogre magi
  9 ettins
  A deep elf high priest (Depths:5)
  7 great orbs of eyes
  3 rakshasas
  5 spriggan air magi
  4 vault guards
  Fannar (Lair:3)
  6 ice dragons
  2 peacekeepers (Vaults:3)
  3 merfolk avatars
  4 hydras
  Erica (D:8)
  7 merfolk aquamancers
  An anaconda (shapeshifter) (Depths:3)
  12 centaur warriors
  2 dancing weapons (Depths:3)
  2 death knights
  37 two-headed ogres
  2 alligator snapping turtles
  8 tengu warriors
  12 deep troll earth magi
  8 deep troll shamans
  7 death yaks
  Urug (D:11)
  An orc high priest (Orc:2)
  2 spriggan berserkers
  2 hell hogs (Depths:4)
  4 vampire magi
  11 deep elf knights
  4 hell knights (Depths:5)
  Sonja (D:13)
  A shadow wraith (Depths:2)
  2 soul eaters (Depths:3)
  2 spriggans (Depths:4)
  A fire crab (shapeshifter) (Depths:1)
  2 skeletal warriors (Depths:3)
  33 deep trolls
  2 iron trolls (Depths:2)
  4 unseen horrors (Vaults:1)
  3 flayed ghosts
  A sixfirhy (Lair:6)
  3 wizards
  3 sea snakes
  Pikel (D:7)
  A death drake (Depths:3)
  3 phantasmal warriors
  2 orange crystal statues (Depths:3)
  13 deep elf archers
  9 glowing orange brains
  12 harpies
  6 lindwurms (Depths:5)
  12 orb spiders
  15 orc knights
  8 orc sorcerers
  57 ugly things
  9 ironbrand convokers
  4 cyclopes
  44 wolf spiders
  An oklob plant (Lair:6)
  20 deep elf magi
  3 mana vipers (Depths:3)
  11 manticores
  3 fauns (Shoals:2)
  A faun (shapeshifter) (Depths:3)
  5 moths of wrath
  7 elephants
  11 merfolk sirens
  4 black mambas
  9 vault sentinels
  7 water nymphs
  A water nymph (shapeshifter) (Depths:2)
  An elephant (shapeshifter) (Depths:2)
  2 torpor snails (Spider:3)
  2 naga magi (D:15)
  3 gargoyles
  An orange demon (Lair:5)
  5 spectral swamp worms (Depths:1)
  12 spiny frogs
  A rime drake (shapeshifter) (Depths:1)
  66 yaktaurs
  4 ice devils
  18 demonic crawlers
  5 kobold demonologists
  An entropy weaver simulacrum (Vaults:2)
  7 komodo dragons
  3 freezing wraiths
  2 anaconda simulacra (Depths:3)
  6 rime drakes
  A hellwing (Lair:6)
  9 trolls
  3 tengu conjurers
  4 spectral merfolk (Depths:3)
  27 jumping spiders
  36 merfolk
  A queen bee (shapeshifter) (D:14)
  A meliai (D:15)
  A polar bear (shapeshifter) (Depths:1)
  A meliai (shapeshifter) (Vaults:2)
  2 polar bears
  Prince Ribbit (D:7)
  3 raiju (Depths:3)
  10 hornets
  8 blink frogs
  A slime creature (shapeshifter) (Depths:3)
  2 raiju (shapeshifter)
  27 slime creatures
  4 wind drakes
  18 hippogriffs
  16 snapping turtles
  A stone giant simulacrum (Vaults:2)
  7 dream sheep
  A vampire (Depths:3)
  A tarantella (shapeshifter) (Vaults:2)
  6 air elementals
  69 redbacks
  27 tarantellas
  A yak (shapeshifter) (Depths:3)
  44 yaks
  Sigmund (D:6)
  11 water elementals
  7 wraiths
  5 shadows
  13 humans (D:13)
  4 wyverns
  A hog (shapeshifter) (Depths:4)
  5 basilisks
  A hungry ghost (D:10)
  4 vampire mosquitoes
  11 wargs
  A soldier ant (D:12)
  Duvessa (D:7)
  15 water moccasins
  3 acid dragons
  A floating eye (Depths:3)
  13 hell hounds
  11 porcupines
  A spectral troll (Depths:3)
  3 swamp drakes (Depths:5)
  43 orc warriors
  3 phantoms
  3 sky beasts
  2 snapping turtle zombies (Depths:3)
  6 ice beasts
  3 black bears
  A slave (D:7)
  An eye of draining (D:13)
  38 ogres
  34 wolves
  7 boggarts
  10 crocodiles
  27 centaurs
  2 big kobolds (D:12)
  26 bullfrogs
  A merfolk simulacrum (Depths:3)
  A wyvern skeleton (D:13)
  4 scorpions
  Dowan (D:7)
  14 killer bees
  A spectral naga (Depths:3)
  2 spectral ogres (Depths:3)
  2 electric eels
  16 wights
  2 spectral centaurs (Depths:3)
  6 crimson imps
  10 jellies
  A bullfrog zombie (D:11)
  5 centaur skeletons
  7 hounds
  24 orc priests
  43 orc wizards
  4 bullfrog skeletons
  Terence (D:2)
  5 iguanas
  A hell rat (Lair:6)
  10 worker ants
  A spriggan simulacrum (Depths:3)
  A troll simulacrum (Depths:3)
  A killer bee zombie (D:10)
  2 hound skeletons
  A worker ant zombie (D:7)
  3 gnolls (D:5)
  10 adders
  A naga simulacrum (Depths:3)
  7 shadow imps
  13 white imps
  An ufetubus (Vaults:2)
  14 oozes
  An adder skeleton (D:9)
  A worm (D:3)
  2 dart slugs
  6 leopard geckos
  115 orcs
  8 bats
  3 giant cockroaches
  6 goblins
  9 hobgoblins
  27 jackals
  30 kobolds
  2 quokkas
  A ball python (D:2)
  5 frilled lizards
  A frilled lizard (shapeshifter) (Vaults:4)
  2 quokka zombies
  4 rats
  3 fungi
  14 plants
1957 creatures vanquished.

Vanquished Creatures (collateral kills)
  A draconian knight (Depths:5)
  A ghost moth (Spider:4)
  2 emperor scorpions (Spider:4)
  A very ugly thing (Depths:2)
  2 stone giants
  A green draconian (Depths:5)
  3 entropy weavers
  2 red draconians (Depths:5)
  Snorg (Lair:3)
  A merfolk javelineer (Shoals:4)
  A yaktaur captain (Depths:4)
  Erolcha (D:9)
  A great orb of eyes (Depths:1)
  The ghost of Vodalian the Fighter, a journeyman GrBe of Trog (D:13)
  A merfolk impaler (Shoals:4)
  3 hydras
  A merfolk aquamancer (Shoals:4)
  2 merfolk avatars
  2 two-headed ogres
  A deep troll earth mage (Depths:3)
  2 deep troll shamans
  2 death yaks (Lair:4)
  2 hell knights (Depths:5)
  An iron troll (Depths:2)
  A skeletal warrior (Depths:3)
  2 deep trolls
  3 harpies (Shoals:1)
  An orb spider (Spider:4)
  A wolf spider (Spider:4)
  An ugly thing (Depths:1)
  An orb spider (shapeshifter) (Vaults:3)
  A deep elf mage (Vaults:3)
  5 elephants (Lair:4)
  2 merfolk sirens (Shoals:4)
  A spiny frog (Lair:4)
  A torpor snail (Spider:4)
  4 yaktaurs
  A merfolk (Shoals:4)
  2 hornets (Spider:4)
  A snapping turtle (Shoals:1)
  A hippogriff (Shoals:4)
  6 redbacks
  A tarantella (Spider:1)
  2 water elementals
  2 wraiths (Depths:3)
  A vampire (Depths:3)
  3 humans (D:13)
  A merfolk simulacrum (Depths:3)
  2 spectral ogres (Depths:3)
  2 spectral centaurs (Depths:3)
  A worker ant (D:9)
  A butterfly (Lair:6)
87 creatures vanquished.

Vanquished Creatures (others)
  A stone giant (Depths:3)
  Nessos (D:13)
  A merfolk javelineer (Shoals:4)
  A yaktaur captain (Vaults:4)
  A centaur warrior (D:13)
  An ogre mage (Depths:2)
  A necromancer (Depths:5)
  A cyclops (D:11)
  10 yaktaurs
  2 slaves (D:7)
  A boggart (Depths:2)
  4 centaurs
  A bullfrog (D:7)
  An orc priest (D:8)
  An adder (D:7)
  An adder skeleton (D:8)
  2 orcs
  A giant cockroach (D:7)
  A bush (D:9)
  11 fungi
  42 plants
86 creatures vanquished.

Grand Total: 2130 creatures vanquished

Notes
Turn   | Place    | Note
-------+----------+-------------------------------------------
     0 | D:1      | Marthos the Gargoyle Berserker began the quest for the Orb.
     0 | D:1      | Reached XP level 1. HP: 14/14 MP: 1/1
     0 | D:1      | 0 ||| counter = 2
    18 | D:1      | Reached skill level 3 in Axes
   136 | D:1      | Reached XP level 2. HP: 12/19 MP: 2/2
   484 | D:1      | Reached XP level 3. HP: 23/23 MP: 3/3
   995 | D:1      | 995 ||| UPGRADING to plate armour.
  1005 | D:1      | 1005 ||| DROPPING +0 animal skin.
  1006 | D:1      | 1006 ||| READING scroll labeled TOG PAZEEFO.
  1007 | D:1      | 1007 ||| READING scroll labeled NUJEVYASOA.
  1008 | D:1      | 1008 ||| READING scroll labeled ZISUNNASIZ.
  1013 | D:1      | 1013 ||| DRINKING 2 orange potions.
  1020 | D:1      | 1020 ||| DROPPING potion of ambrosia.
  1306 | D:2      | 1306 ||| DROPPING club.
  1392 | D:2      | Reached XP level 4. HP: 28/28 MP: 4/4
  1411 | D:2      | Found a blossoming altar of Fedhas.
  1483 | D:2      | Noticed Terence
  1513 | D:2      | Killed Terence
  1834 | D:2      | 1834 ||| EATING 3 fruits.
  1913 | D:2      | 1913 ||| READING scroll labeled TUIWKYE JEGHA.
  1914 | D:2      | 1914 ||| READING scroll labeled EWIWOKL SOAMALL.
  1969 | D:3      | Reached ** piety under Trog
  2128 | D:3      | Found a burning altar of Makhleb.
  2308 | D:3      | 2308 ||| READING scroll of enchant armour.
  2308 | D:3      | 2308 ||| ENCHANTING +0 plate armour.
  2495 | D:3      | 2495 ||| READING scroll labeled HITEIT OCEEMI.
  2496 | D:3      | 2496 ||| DRINKING 3 fizzy dark potions.
  2497 | D:3      | 2497 ||| DRINKING 3 fuming inky potions.
  2497 | D:3      | Gained mutation: You are dopey. (Int -2) [potion of mutation]
  2497 | D:3      | Gained mutation: You have a beak for a mouth. [potion of mutation]
  2497 | D:3      | Gained mutation: Your flesh is cold resistant. (rC+) [potion of mutation]
  2498 | D:3      | 2498 ||| DROPPING 2 potions of agility.
  2521 | D:4      | 2521 ||| STAIRDANCE
  2547 | D:4      | 2547 ||| STAIRDANCE
  2553 | D:4      | 2553 ||| STAIRDANCE
  2556 | D:3      | Reached XP level 5. HP: 25/32 MP: 5/5
  2621 | D:3      | 2621 ||| SWAPPING to war axe.
  2624 | D:3      | 2624 ||| DROPPING +0 hand axe.
  2675 | D:4      | 2675 ||| INVOKING Berserk.
  2679 | D:4      | Reached skill level 3 in Armour
  2718 | D:4      | Noticed an ogre
  2723 | D:4      | 2723 ||| INVOKING Berserk.
  2727 | D:4      | Killed an ogre
  2727 | D:4      | Reached skill level 5 in Fighting
  2727 | D:4      | Reached XP level 6. HP: 33/40 MP: 6/6
  2875 | D:4      | 2875 ||| INVOKING Berserk.
  2986 | D:4      | Noticed a phantom
  3238 | D:4      | Reached XP level 7. HP: 41/44 MP: 7/7
  3263 | D:4      | Reached skill level 6 in Axes
  3301 | D:4      | 3301 ||| UPGRADING to flail.
  3302 | D:4      | 3302 ||| SWAPPING to +0 war axe.
  3549 | D:4      | Reached *** piety under Trog
  3663 | D:4      | Found a runed door.
  3901 | D:4      | 3901 ||| UPGRADING to dented zirconium amulet.
  3902 | D:4      | 3902 ||| READING 2 scrolls of remove curse.
  3903 | D:4      | 3903 ||| REMOVING amulet of inaccuracy.
  3904 | D:4      | 3904 ||| DROPPING amulet of inaccuracy.
  3905 | D:4      | 3905 ||| READING scroll labeled TUMEAF DUPS.
  3906 | D:4      | 3906 ||| READING 2 scrolls labeled CIZXUF HOPNYG.
  3907 | D:4      | 3907 ||| DRINKING 2 silvery potions.
  3908 | D:4      | 3908 ||| READING scroll of identify.
  3908 | D:4      | 3908 ||| IDENTIFYING twisted steel ring
  3909 | D:4      | 3909 ||| UPGRADING to +3 ring of dexterity.
  3986 | D:5      | Entered Level 5 of the Dungeon
  4084 | D:5      | Found an opulent altar of Gozag.
  4264 | D:5      | 4264 ||| INVOKING Berserk.
  4266 | D:5      | Reached XP level 8. HP: 49/49 MP: 8/8
  4307 | D:5      | Found a shattered altar of Ashenzari.
  4468 | D:5      | Found a staircase to the Ecumenical Temple.
  4934 | D:5      | 4934 ||| READING scroll labeled CUORCH TIGHYD.
  4935 | D:5      | 4935 ||| READING scroll labeled QOUZEN VOSOTO.
  4936 | D:5      | 4936 ||| DRINKING 2 red potions.
  5098 | D:6      | Found Juotesos's Distillery.
  5101 | D:6      | Bought a potion of haste for 140 gold pieces
  5101 | D:6      | Bought a potion of curing for 42 gold pieces
  5101 | D:6      | Bought a potion of curing for 42 gold pieces
  5101 | D:6      | 5101 ||| SHOPLISTING 2 potions of might (112 gold, have 31).
  5101 | D:6      | 5101 ||| SHOPLISTING potion of heal wounds (70 gold, have 31).
  5168 | D:6      | Reached **** piety under Trog
  5334 | D:6      | Noticed Sigmund
  5336 | D:6      | 5336 ||| INVOKING Berserk.
  5339 | D:6      | Killed Sigmund
  5339 | D:6      | Reached skill level 6 in Fighting
  5905 | D:6      | 5905 ||| UPGRADING to cloak.
  5910 | D:6      | 5910 ||| UPGRADING to bone ring.
  5911 | D:6      | 5911 ||| REMOVING ring of wizardry.
  5912 | D:6      | 5912 ||| DROPPING ring of wizardry.
  5913 | D:6      | 5913 ||| READING scroll labeled WIREUL BUABI.
  6018 | D:7      | Found a shadowy altar of Dithmenos.
  6038 | D:7      | Found a glowing golden altar of the Shining One.
  6138 | D:7      | Noticed Dowan
  6153 | D:7      | Noticed Duvessa
  6154 | D:7      | Killed Dowan
  6155 | D:7      | 6155 ||| INVOKING Berserk.
  6162 | D:7      | Killed Duvessa
  6162 | D:7      | Reached XP level 9. HP: 55/55 MP: 9/9
  6224 | D:7      | Noticed Prince Ribbit
  6229 | D:7      | 6229 ||| INVOKING Berserk.
  6235 | D:7      | Killed Prince Ribbit
  6235 | D:7      | Reached skill level 9 in Axes
  6325 | D:7      | 6325 ||| INVOKING Berserk.
  6392 | D:7      | Noticed Pikel
  6425 | D:7      | 6425 ||| INVOKING Berserk.
  6435 | D:7      | Killed Pikel
  6435 | D:7      | Reached skill level 8 in Fighting
  6449 | D:7      | 6449 ||| EATING 3 fruits.
  6569 | D:7      | Reached ***** piety under Trog
  6579 | D:7      | Reached skill level 6 in Armour
  6584 | D:7      | HP: 13/60 [large slime creature (22)]
  6604 | D:7      | 6604 ||| INVOKING Berserk.
  6606 | D:7      | HP: 21/90 [slime creature (5)]
  6609 | D:7      | HP: 5/90 [slime creature (7)]
  6612 | D:7      | Reached XP level 10. HP: 6/65 MP: 10/10
  6616 | D:7      | HP: 6/97 [something (1)]
  6908 | D:7      | 6908 ||| EATING 2 fruits.
  6975 | D:7      | 6975 ||| INVOKING Burn Spellbooks.
  7081 | D:7      | 7081 ||| INVOKING Berserk.
  7692 | D:7      | 7692 ||| READING scroll labeled RIFENA ZUNI.
  7693 | D:7      | 7693 ||| DRINKING 3 amethyst potions.
  7740 | D:7      | 7740 ||| READING 4 scrolls of identify.
  7740 | D:7      | 7740 ||| IDENTIFYING coppery potion
  7741 | D:7      | 7741 ||| DROPPING potion of berserk rage.
  7742 | D:7      | 7742 ||| DROPPING 2 potions of lignification.
  7821 | D:8      | 7821 ||| INVOKING Burn Spellbooks.
  7857 | D:8      | Reached skill level 9 in Fighting
  8014 | D:8      | Found a shimmering altar of Xom.
  8214 | D:8      | 8214 ||| INVOKING Berserk.
  8222 | D:8      | 8222 ||| EATING fruit.
  8323 | D:8      | Noticed Erica
  8345 | D:8      | 8345 ||| DRINKING 5 potions of curing.
  8345 | D:8      | 8345 ||| (to cure confusion)
  8353 | D:8      | 8353 ||| INVOKING Berserk.
  8355 | D:8      | Killed Erica
  8417 | D:8      | 8417 ||| INVOKING Berserk.
  8506 | D:8      | 8506 ||| INVOKING Berserk.
  9005 | D:8      | 9005 ||| EATING 13 royal jellies.
  9099 | D:9      | 9099 ||| INVOKING Berserk.
  9364 | D:9      | Received a gift from Trog
  9465 | D:9      | Noticed a cyan ugly thing
  9478 | D:9      | Noticed a two-headed ogre
  9495 | D:9      | 9495 ||| INVOKING Berserk.
  9496 | D:9      | Reached XP level 11. HP: 71/71 MP: 11/11
  9503 | D:9      | Killed a two-headed ogre
  9614 | D:9      | Noticed Erolcha
  9617 | D:9      | 9617 ||| INVOKING Trog's Hand.
  9618 | D:9      | 9618 ||| INVOKING Brothers in Arms.
  9619 | D:9      | 9619 ||| INVOKING Berserk.
  9622 | D:9      | Killed Erolcha
  9622 | D:9      | Reached skill level 12 in Axes
  9748 | D:9      | 9748 ||| INVOKING Berserk.
  9753 | D:9      | Killed a cyan ugly thing
 10018 | D:9      | Found a sacrificial altar of Ru.
 10018 | D:9      | Found a radiant altar of Vehumet.
 10018 | D:9      | Found a basalt altar of Yredelemnul.
 10170 | D:9      | Found an iron altar of Okawaru.
 10174 | D:9      | Found a white marble altar of Elyvilon.
 10283 | D:9      | Reached skill level 10 in Fighting
 10366 | D:9      | 10366 ||| READING scroll labeled SAOMON XOIMU.
 10367 | D:9      | 10367 ||| READING 3 scrolls of identify.
 10367 | D:9      | 10367 ||| IDENTIFYING sedimented blue potion
 10368 | D:9      | 10368 ||| DROPPING potion of invisibility.
 10397 | D:10     | Entered Level 10 of the Dungeon
 10599 | D:10     | Reached skill level 9 in Armour
 10795 | D:10     | Found a shattered altar of Ashenzari.
 10854 | D:10     | Found a portal to a secret trove of treasure.
 10928 | D:10     | 10928 ||| INVOKING Berserk.
 11083 | D:10     | 11083 ||| EATING 8 bread rations.
 11087 | D:10     | 11087 ||| EATING 8 bread rations.
 11089 | D:10     | 11089 ||| EATING 14 royal jellies.
 11101 | D:10     | 11101 ||| INVOKING Berserk.
 11105 | D:10     | Reached skill level 3 in Dodging
 11256 | D:10     | 11256 ||| INVOKING Berserk.
 11299 | D:10     | 11299 ||| READING scroll of teleportation.
 11321 | D:10     | 11321 ||| STAIRDANCE
 11424 | D:9      | 11424 ||| Invisible monster not found???
 11528 | D:9      | 11528 ||| UPGRADING to encrusted jade ring.
 11529 | D:9      | 11529 ||| REMOVING ring of flight.
 11530 | D:9      | 11530 ||| DROPPING ring of flight.
 11531 | D:9      | 11531 ||| READING scroll labeled GAIMARA UTWE.
 11758 | D:10     | 11758 ||| EATING 13 royal jellies.
 11765 | D:10     | Found a staircase to the Lair.
 11815 | D:10     | 11815 ||| UPGRADING to pair of boots.
 11852 | Lair:1   | Entered Level 1 of the Lair of Beasts
 11853 | Lair:1   | 11853 ||| Entered L.
 11914 | Lair:1   | 11914 ||| INVOKING Berserk.
 11928 | Lair:1   | Reached XP level 12. HP: 77/77 MP: 12/12
 12077 | Lair:1   | Found a frozen archway.
 12682 | Lair:1   | 12682 ||| UPGRADING to scratched agate ring.
 12683 | Lair:1   | 12683 ||| REMOVING ring of poison resistance.
 12684 | Lair:1   | 12684 ||| DROPPING ring of poison resistance.
 12685 | Lair:1   | 12685 ||| READING scroll labeled IGI LUAVYT.
 12824 | Lair:2   | 12824 ||| STAIRDANCE
 12933 | Lair:2   | 12933 ||| STAIRDANCE
 13054 | Lair:2   | Reached skill level 11 in Fighting
 13176 | Lair:2   | Found a hole to the Spider Nest.
 13416 | Lair:2   | Received a gift from Trog
 13531 | Lair:2   | Got a smelly chain mail
 13869 | Lair:2   | 13869 ||| READING scroll of enchant weapon.
 13869 | Lair:2   | 13869 ||| ENCHANTING +1 war axe of chopping.
 13954 | Lair:2   | Found a staircase to the Shoals.
 14128 | Lair:2   | 14128 ||| UPGRADING to smelly chain mail.
 14138 | Lair:2   | Identified the cursed +1 chain mail "Pappixuu" {-Tele Str+5 Int+4} (You found it on level 2 of the Lair of Beasts)
 14138 | Lair:2   | 14138 ||| UPGRADING to shield.
 14143 | Lair:2   | 14143 ||| READING 6 scrolls of remove curse.
 14144 | Lair:2   | 14144 ||| UPGRADING to +1 plate armour.
 14154 | Lair:2   | 14154 ||| DROPPING +1 chain mail "Pappixuu" {-Tele Str+5 Int+4}.
 14155 | Lair:2   | 14155 ||| UPGRADING to copper ring.
 14156 | Lair:2   | 14156 ||| UPGRADING to brass ring.
 14158 | Lair:2   | 14158 ||| UPGRADING to blackened wooden ring.
 14160 | Lair:2   | 14160 ||| DROPPING ring of positive energy.
 14162 | Lair:2   | 14162 ||| READING 6 scrolls of identify.
 14162 | Lair:2   | 14162 ||| IDENTIFYING bubbling black potion
 14181 | Lair:2   | 14181 ||| READING 5 scrolls of identify.
 14181 | Lair:2   | 14181 ||| IDENTIFYING lumpy green potion
 14182 | Lair:2   | 14182 ||| READING 4 scrolls of identify.
 14182 | Lair:2   | 14182 ||| IDENTIFYING viscous yellow potion
 14183 | Lair:2   | 14183 ||| DROPPING potion of brilliance.
 14200 | Lair:2   | Reached skill level 1 in Shields
 14513 | Lair:3   | Reached skill level 3 in Shields
 14603 | Lair:3   | 14603 ||| READING scroll of enchant armour.
 14603 | Lair:3   | 14603 ||| ENCHANTING +0 pair of boots.
 14620 | Lair:3   | 14620 ||| INVOKING Berserk.
 15049 | Lair:3   | 15049 ||| READING scroll of enchant weapon.
 15049 | Lair:3   | 15049 ||| ENCHANTING +2 war axe of chopping.
 15069 | Lair:3   | Noticed Snorg
 15070 | Lair:3   | 15070 ||| INVOKING Brothers in Arms.
 15073 | Lair:3   | 15073 ||| INVOKING Berserk.
 15075 | Lair:3   | Killed Snorg
 15075 | Lair:3   | Reached skill level 6 in Shields
 15179 | Lair:3   | Noticed Fannar
 15235 | Lair:3   | Killed Fannar
 15386 | Lair:3   | 15386 ||| EATING 13 royal jellies.
 15539 | Lair:3   | Reached XP level 13. HP: 76/84 MP: 13/13
 15868 | Lair:3   | 15868 ||| INVOKING Brothers in Arms.
 15870 | Lair:3   | 15870 ||| SWAPPING to +0 flail.
 15871 | Lair:3   | 15871 ||| INVOKING Berserk.
 15878 | Lair:3   | 15878 ||| SWAPPING to +3 war axe of chopping.
 15939 | Lair:3   | 15939 ||| UPGRADING to ring of ice.
 15941 | Lair:3   | 15941 ||| REMOVING ring of ice.
 15942 | Lair:3   | 15942 ||| UPGRADING to +3 ring of dexterity.
 15943 | Lair:3   | 15943 ||| UPGRADING to ring of see invisible.
 15945 | Lair:3   | 15945 ||| READING scroll labeled UVVIJA ZONU.
 16018 | Lair:4   | Reached skill level 9 in Shields
 16167 | Lair:4   | 16167 ||| INVOKING Brothers in Arms.
 16170 | Lair:4   | 16170 ||| INVOKING Berserk.
 16184 | Lair:4   | Received a gift from Trog
 16188 | Lair:4   | 16188 ||| INVOKING Burn Spellbooks.
 16230 | Lair:4   | 16230 ||| SWAPPING to glowing broad axe {god gift}.
 16231 | Lair:4   | 16231 ||| DROPPING +3 war axe of chopping.
 16336 | Lair:4   | 16336 ||| INVOKING Brothers in Arms.
 16338 | Lair:4   | 16338 ||| SWAPPING to +0 flail.
 16340 | Lair:4   | 16340 ||| SWAPPING to +6 antimagic broad axe.
 16450 | Lair:4   | 16450 ||| INVOKING Brothers in Arms.
 16452 | Lair:4   | 16452 ||| SWAPPING to +0 flail.
 16453 | Lair:4   | 16453 ||| INVOKING Berserk.
 16461 | Lair:4   | 16461 ||| SWAPPING to +6 antimagic broad axe.
 17202 | Lair:4   | 17202 ||| UPGRADING to dented soapstone amulet.
 17203 | Lair:4   | 17203 ||| DRINKING 2 brown potions.
 17204 | Lair:4   | 17204 ||| READING 5 scrolls of identify.
 17204 | Lair:4   | 17204 ||| IDENTIFYING glowing black potion
 17205 | Lair:4   | 17205 ||| DROPPING potion of magic.
 17238 | Lair:5   | 17238 ||| INVOKING Brothers in Arms.
 17240 | Lair:5   | 17240 ||| INVOKING Berserk.
 17256 | Lair:5   | 17256 ||| READING 4 scrolls of teleportation.
 17300 | Lair:5   | 17300 ||| EATING 13 royal jellies.
 17480 | Lair:5   | Found a staircase to the Slime Pits.
 17567 | Lair:5   | Found a labyrinth entrance.
 17876 | Lair:5   | 17876 ||| INVOKING Brothers in Arms.
 17877 | Lair:5   | 17877 ||| INVOKING Brothers in Arms.
 17878 | Lair:5   | 17878 ||| INVOKING Brothers in Arms.
 17879 | Lair:5   | 17879 ||| INVOKING Brothers in Arms.
 17880 | Lair:5   | 17880 ||| INVOKING Berserk.
 17892 | Lair:5   | 17892 ||| EATING 13 royal jellies.
 18006 | Lair:5   | 18006 ||| UPGRADING to ice dragon scales.
 18016 | Lair:5   | 18016 ||| UPGRADING to +1 plate armour.
 18026 | Lair:5   | 18026 ||| UPGRADING to dented peridot amulet.
 18028 | Lair:5   | 18028 ||| REMOVING amulet of the gourmand.
 18029 | Lair:5   | 18029 ||| UPGRADING to +3 amulet of reflection.
 18030 | Lair:5   | 18030 ||| DROPPING amulet of the gourmand.
 18031 | Lair:5   | 18031 ||| UPGRADING to small malachite amulet.
 18033 | Lair:5   | 18033 ||| UPGRADING to +3 amulet of reflection.
 18035 | Lair:5   | 18035 ||| DROPPING amulet of regeneration.
 18036 | Lair:5   | 18036 ||| UPGRADING to ring of see invisible.
 18062 | Lair:6   | Entered Level 6 of the Lair of Beasts
 18110 | Lair:6   | Found a radiant altar of Vehumet.
 18113 | Lair:6   | 18113 ||| INVOKING Brothers in Arms.
 18114 | Lair:6   | 18114 ||| SWAPPING to +0 flail.
 18115 | Lair:6   | Noticed Rupert
 18115 | Lair:6   | 18115 ||| INVOKING Trog's Hand.
 18116 | Lair:6   | 18116 ||| INVOKING Berserk.
 18141 | Lair:6   | 18141 ||| SWAPPING to +6 antimagic broad axe.
 18144 | Lair:6   | 18144 ||| INVOKING Trog's Hand.
 18145 | Lair:6   | 18145 ||| EATING 12 bread rations.
 18147 | Lair:6   | 18147 ||| READING 3 scrolls of teleportation.
 18151 | Lair:6   | 18151 ||| INVOKING Brothers in Arms.
 18152 | Lair:6   | 18152 ||| INVOKING Brothers in Arms.
 18153 | Lair:6   | 18153 ||| INVOKING Brothers in Arms.
 18154 | Lair:6   | 18154 ||| INVOKING Brothers in Arms.
 18155 | Lair:6   | 18155 ||| READING 2 scrolls of teleportation.
 18156 | Lair:6   | 18156 ||| SWAPPING to +0 flail.
 18161 | Lair:6   | 18161 ||| SWAPPING to +6 antimagic broad axe.
 18164 | Lair:6   | 18164 ||| READING scroll of teleportation.
 18465 | Lair:6   | Noticed a dire elephant
 18470 | Lair:6   | 18470 ||| INVOKING Berserk.
 18471 | Lair:6   | Reached skill level 15 in Axes
 18487 | Lair:6   | Killed a dire elephant
 18487 | Lair:6   | Gained mutation: Your large and strong wings let you fly indefinitely. [Gargoyle growth]
 18487 | Lair:6   | Reached XP level 14. HP: 31/90 MP: 4/14
 18766 | Lair:6   | 18766 ||| INVOKING Fly.
 18766 | Lair:6   | 18766 ||| FLYING.
 18813 | Lair:6   | Found a shattered altar of Ashenzari.
 18818 | Lair:6   | 18818 ||| INVOKING Berserk.
 19010 | Lair:6   | 19010 ||| INVOKING Brothers in Arms.
 19011 | Lair:6   | 19011 ||| INVOKING Brothers in Arms.
 19013 | Lair:6   | 19013 ||| INVOKING Trog's Hand.
 19014 | Lair:6   | 19014 ||| SWAPPING to +0 flail.
 19015 | Lair:6   | 19015 ||| INVOKING Berserk.
 19016 | Lair:6   | Reached skill level 12 in Fighting
 19028 | Lair:6   | Killed Rupert
 19037 | Lair:6   | 19037 ||| SWAPPING to +6 antimagic broad axe.
 19055 | Lair:6   | Reached skill level 12 in Shields
 19077 | Lair:6   | 19077 ||| STAIRDANCE
 19126 | Lair:5   | 19126 ||| UPGRADING to notched ivory ring.
 19128 | Lair:5   | 19128 ||| READING 6 scrolls of remove curse.
 19129 | Lair:5   | 19129 ||| REMOVING ring of loudness.
 19130 | Lair:5   | 19130 ||| UPGRADING to +3 ring of dexterity.
 19131 | Lair:5   | 19131 ||| DROPPING ring of loudness.
 19132 | Lair:5   | 19132 ||| UPGRADING to ring of see invisible.
 19294 | Lair:6   | 19294 ||| READING scroll of enchant weapon.
 19294 | Lair:6   | 19294 ||| ENCHANTING +6 antimagic broad axe.
 19383 | Lair:6   | 19383 ||| INVOKING Brothers in Arms.
 19386 | Lair:6   | 19386 ||| SWAPPING to +0 flail.
 19387 | Lair:6   | 19387 ||| INVOKING Berserk.
 19399 | Lair:6   | 19399 ||| SWAPPING to +7 antimagic broad axe.
 19439 | Lair:6   | 19439 ||| EATING 12 royal jellies.
 19485 | Lair:6   | 19485 ||| INVOKING Burn Spellbooks.
 19503 | Lair:6   | 19503 ||| INVOKING Trog's Hand.
 19516 | Lair:6   | Found a burning altar of Makhleb.
 19611 | Lair:6   | 19611 ||| STAIRDANCE
 19655 | Lair:5   | 19655 ||| READING scroll labeled BUOMIC YFFE.
 19661 | Lair:6   | 19661 ||| STAIRDANCE
 19669 | Lair:6   | 19669 ||| STAIRDANCE
 19699 | Lair:5   | 19699 ||| STAIRDANCE
 19879 | Lair:6   | 19879 ||| INVOKING Brothers in Arms.
 19881 | Lair:6   | 19881 ||| SWAPPING to +0 flail.
 19883 | Lair:6   | 19883 ||| INVOKING Berserk.
 19889 | Lair:6   | 19889 ||| SWAPPING to +7 antimagic broad axe.
 20050 | Lair:6   | Found a gateway to Hell.
 20059 | Lair:6   | 20059 ||| SWAPPING to glowing broad axe.
 20060 | Lair:6   | 20060 ||| SWAPPING to +7 antimagic broad axe.
 20061 | Lair:6   | 20061 ||| DROPPING +2 broad axe of freezing.
 20369 | D:11     | 20369 ||| READING scroll of enchant armour.
 20369 | D:11     | 20369 ||| ENCHANTING +1 pair of boots.
 20489 | D:11     | 20489 ||| DROPPING +0 flail.
 20490 | D:11     | 20490 ||| UPGRADING to morningstar.
 20491 | D:11     | 20491 ||| READING 6 scrolls of remove curse.
 20492 | D:11     | 20492 ||| SWAPPING to +7 antimagic broad axe.
 20815 | D:11     | Noticed Urug
 20825 | D:11     | Killed Urug
 20899 | D:11     | Noticed Gastronok
 20919 | D:11     | Killed Gastronok
 21007 | D:11     | 21007 ||| EATING 11 royal jellies.
 21199 | D:11     | 21199 ||| UPGRADING to embroidered hat.
 21298 | D:12     | 21298 ||| DROPPING -1 morningstar.
 21299 | D:12     | 21299 ||| UPGRADING to morningstar.
 21300 | D:12     | 21300 ||| SWAPPING to +7 antimagic broad axe.
 21335 | D:12     | Received a gift from Trog
 21580 | D:12     | Found a staircase to the Orcish Mines.
 21740 | D:12     | Reached XP level 15. HP: 97/97 MP: 5/15
 22116 | D:12     | Reached skill level 13 in Fighting
 22212 | D:12     | 22212 ||| STAIRDANCE
 22255 | D:11     | 22255 ||| READING 7 scrolls of identify.
 22255 | D:11     | 22255 ||| IDENTIFYING bubbling orange potion
 22256 | D:11     | 22256 ||| DROPPING potion of degeneration.
 22622 | D:13     | 22622 ||| STAIRDANCE
 22650 | D:13     | Noticed yogakurto's ghost (journeyman TrWn)
 22664 | D:13     | 22664 ||| INVOKING Brothers in Arms.
 22665 | D:13     | 22665 ||| INVOKING Brothers in Arms.
 22667 | D:13     | 22667 ||| INVOKING Berserk.
 22676 | D:13     | Killed yogakurto's ghost
 22709 | D:13     | Noticed Frances
 22710 | D:13     | 22710 ||| INVOKING Brothers in Arms.
 22711 | D:13     | 22711 ||| INVOKING Berserk.
 22715 | D:13     | Killed Frances
 22901 | D:13     | Noticed Vodalian's ghost (journeyman GrBe)
 22902 | D:13     | 22902 ||| INVOKING Brothers in Arms.
 22905 | D:13     | 22905 ||| INVOKING Berserk.
 22907 | D:13     | Killed Vodalian's ghost
 22917 | D:13     | Found a gate to the Vaults.
 22917 | D:13     | Noticed Nessos
 22929 | D:13     | 22929 ||| INVOKING Brothers in Arms.
 22943 | D:13     | Killed Nessos
 23373 | D:13     | Noticed Sonja
 23377 | D:13     | 23377 ||| INVOKING Brothers in Arms.
 23385 | D:13     | 23385 ||| INVOKING Berserk.
 23405 | D:13     | 23405 ||| READING scroll of teleportation.
 23406 | D:13     | Killed Sonja
 23641 | D:13     | 23641 ||| INVOKING Burn Spellbooks.
 23641 | D:13     | Received a gift from Trog
 24080 | D:14     | 24080 ||| UPGRADING to morningstar of draining.
 24081 | D:14     | 24081 ||| SWAPPING to +7 antimagic broad axe.
 24082 | D:14     | 24082 ||| DROPPING +0 morningstar.
 24425 | D:14     | 24425 ||| EATING 12 royal jellies.
 24856 | D:14     | 24856 ||| READING scroll labeled DIYTONK VURYT.
 24876 | D:15     | Entered Level 15 of the Dungeon
 25097 | D:15     | 25097 ||| STAIRDANCE
 25164 | D:14     | 25164 ||| UPGRADING to amulet of reflection.
 25166 | D:14     | 25166 ||| DROPPING +3 amulet of reflection.
 25387 | D:15     | 25387 ||| STAIRDANCE
 25513 | D:15     | Reached skill level 12 in Armour
 25528 | D:15     | Found a sacrificial altar of Ru.
 25616 | D:15     | 25616 ||| READING scroll of enchant weapon.
 25616 | D:15     | 25616 ||| ENCHANTING +7 antimagic broad axe.
 25624 | D:15     | 25624 ||| INVOKING Trog's Hand.
 25626 | D:15     | 25626 ||| INVOKING Berserk.
 25638 | D:15     | Reached XP level 16. HP: 104/104 MP: 5/16
 25971 | D:15     | 25971 ||| INVOKING Trog's Hand.
 25973 | D:15     | 25973 ||| INVOKING Berserk.
 26081 | D:15     | 26081 ||| INVOKING Berserk.
 26264 | D:15     | Found a staircase to the Depths.
 26369 | D:15     | 26369 ||| UPGRADING to tiny bronze amulet.
 26371 | D:15     | 26371 ||| UPGRADING to +3 amulet of reflection.
 26373 | D:15     | 26373 ||| DROPPING amulet of guardian spirit.
 26374 | D:15     | 26374 ||| UPGRADING to ring of ice.
 26376 | D:15     | 26376 ||| REMOVING ring of ice.
 26377 | D:15     | 26377 ||| UPGRADING to ring of see invisible.
 26463 | Orc:1    | Entered Level 1 of the Orcish Mines
 26464 | Orc:1    | 26464 ||| Entered O.
 26464 | Orc:1    | Found Gufoppigg's Weapon Boutique.
 26478 | Orc:1    | Received a gift from Trog
 26499 | Orc:1    | 26499 ||| SWAPPING to glowing broad axe {god gift}.
 26500 | Orc:1    | 26500 ||| SWAPPING to +8 antimagic broad axe.
 26501 | Orc:1    | 26501 ||| DROPPING +2 broad axe of electrocution.
 26502 | Orc:1    | Found Lyafoc's Assorted Antiques.
 26553 | Orc:1    | Found Sianwimn's Antique Weapon Boutique.
 26557 | Orc:1    | Bought a scroll of identify for 50 gold pieces
 26557 | Orc:1    | Bought an opal ring for 125 gold pieces
 26597 | Orc:1    | 26597 ||| UPGRADING to opal ring.
 26599 | Orc:1    | 26599 ||| READING 5 scrolls of remove curse.
 26600 | Orc:1    | 26600 ||| REMOVING -2 ring of slaying {mikee}.
 26601 | Orc:1    | 26601 ||| DROPPING -2 ring of slaying {mikee}.
 26602 | Orc:1    | 26602 ||| UPGRADING to ring of see invisible.
 26632 | Orc:2    | Entered Level 2 of the Orcish Mines
 26633 | Orc:2    | 26633 ||| STAIRDANCE
 26642 | Orc:2    | 26642 ||| STAIRDANCE
 26683 | Orc:2    | 26683 ||| STAIRDANCE
 26685 | Orc:1    | 26685 ||| INVOKING Brothers in Arms.
 26686 | Orc:1    | 26686 ||| INVOKING Brothers in Arms.
 26687 | Orc:1    | 26687 ||| INVOKING Berserk.
 26691 | Orc:1    | Reached skill level 14 in Fighting
 26741 | Orc:1    | 26741 ||| UPGRADING to shiny chain mail.
 26751 | Orc:1    | 26751 ||| UPGRADING to +1 plate armour.
 26761 | Orc:1    | 26761 ||| DROPPING +2 chain mail of positive energy.
 26762 | Orc:1    | 26762 ||| UPGRADING to runed shield.
 26772 | Orc:1    | 26772 ||| DROPPING +0 shield.
 26776 | Orc:2    | 26776 ||| STAIRDANCE
 26820 | Orc:2    | 26820 ||| STAIRDANCE
 26919 | Orc:2    | Found Kopt's Food Emporium.
 26920 | Orc:2    | Found a staircase to the Elven Halls.
 26940 | Orc:2    | 26940 ||| INVOKING Trog's Hand.
 26941 | Orc:2    | 26941 ||| INVOKING Berserk.
 27047 | Orc:2    | 27047 ||| INVOKING Trog's Hand.
 27053 | Orc:2    | 27053 ||| INVOKING Berserk.
 27298 | Orc:2    | 27298 ||| INVOKING Trog's Hand.
 27301 | Orc:2    | 27301 ||| INVOKING Berserk.
 27304 | Orc:2    | 27304 ||| EATING 15 royal jellies.
 27346 | Orc:2    | Found Nafut's Jewellery Emporium.
 27346 | Orc:2    | Found Dyfapt's General Store.
 27346 | Orc:2    | Found Peunwev's Food Shoppe.
 27406 | Orc:2    | Received a gift from Trog
 27512 | Orc:2    | Found Desouw's Antique Weapon Emporium.
 27522 | Orc:2    | Bought an ancient morningstar for 261 gold pieces
 27522 | Orc:2    | 27522 ||| UPGRADING to ancient morningstar.
 27522 | Orc:2    | Identified the +7 morningstar of Fragile Peace {pain, rC+} (You bought it in a shop on level 2 of the Orcish Mines)
 27523 | Orc:2    | 27523 ||| SWAPPING to +8 antimagic broad axe.
 27524 | Orc:2    | 27524 ||| DROPPING +2 morningstar of draining.
 27526 | Orc:2    | Bought an uncursed ring of protection from fire for 375 gold pieces
 27526 | Orc:2    | Bought a +3 ring of slaying for 675 gold pieces
 27526 | Orc:2    | 27526 ||| SHOPLISTING ring of the Sturgeon {rPois rC+ rN+++ Dex+6 Stlth-} (1444 gold, have 456).
 27527 | Orc:2    | Bought a scroll of teleportation for 45 gold pieces
 27738 | Orc:2    | 27738 ||| UPGRADING to runed chain mail.
 27748 | Orc:2    | 27748 ||| UPGRADING to +1 plate armour.
 27758 | Orc:2    | 27758 ||| DROPPING +0 chain mail of poison resistance.
 27759 | Orc:2    | 27759 ||| UPGRADING to runed chain mail.
 27769 | Orc:2    | 27769 ||| READING 4 scrolls of remove curse.
 27770 | Orc:2    | 27770 ||| UPGRADING to +1 plate armour.
 27780 | Orc:2    | 27780 ||| DROPPING -1 chain mail.
 27781 | Orc:2    | 27781 ||| DROPPING ring of ice.
 27782 | Orc:2    | 27782 ||| UPGRADING to ring of protection from fire.
 27784 | Orc:2    | 27784 ||| DROPPING +3 ring of dexterity.
 27785 | Orc:2    | 27785 ||| UPGRADING to +3 ring of slaying {mikee}.
 28175 | Shoals:1 | Entered Level 1 of the Shoals
 28176 | Shoals:1 | 28176 ||| Entered A.
 28184 | Shoals:1 | 28184 ||| INVOKING Trog's Hand.
 28185 | Shoals:1 | 28185 ||| INVOKING Brothers in Arms.
 28202 | Shoals:1 | Received a gift from Trog
 29339 | Shoals:2 | 29339 ||| READING scroll of enchant armour.
 29339 | Shoals:2 | 29339 ||| ENCHANTING +1 hat of magic resistance.
 29344 | Shoals:2 | 29344 ||| READING scroll of enchant weapon.
 29344 | Shoals:2 | 29344 ||| ENCHANTING +8 antimagic broad axe.
 29384 | Shoals:2 | 29384 ||| INVOKING Trog's Hand.
 29385 | Shoals:2 | 29385 ||| INVOKING Brothers in Arms.
 29615 | Shoals:2 | 29615 ||| STAIRDANCE
 30581 | Shoals:3 | Noticed Jorgrun
 30591 | Shoals:3 | Killed Jorgrun
 30591 | Shoals:3 | Reached skill level 18 in Axes
 30633 | Shoals:3 | 30633 ||| STAIRDANCE
 30724 | Shoals:2 | 30724 ||| EATING 14 royal jellies.
 30746 | Shoals:3 | Reached XP level 17. HP: 106/111 MP: 5/17
 31070 | Shoals:3 | 31070 ||| READING scroll of enchant armour.
 31070 | Shoals:3 | 31070 ||| ENCHANTING +0 cloak.
 31442 | Shoals:3 | 31442 ||| INVOKING Berserk.
 31633 | Shoals:3 | 31633 ||| EATING 13 royal jellies.
 31711 | Shoals:3 | 31711 ||| STAIRDANCE
 31816 | Shoals:3 | 31816 ||| STAIRDANCE
 31918 | Shoals:4 | Entered Level 4 of the Shoals
 31964 | Shoals:4 | 31964 ||| INVOKING Trog's Hand.
 31965 | Shoals:4 | 31965 ||| INVOKING Brothers in Arms.
 32088 | Shoals:4 | Reached skill level 15 in Fighting
 32290 | Shoals:4 | 32290 ||| INVOKING Trog's Hand.
 32291 | Shoals:4 | 32291 ||| INVOKING Brothers in Arms.
 32308 | Shoals:4 | Noticed Ilsuiw
 32312 | Shoals:4 | 32312 ||| INVOKING Brothers in Arms.
 32327 | Shoals:4 | 32327 ||| READING 8 scrolls of teleportation.
 32328 | Shoals:4 | HP: 26/113 [merfolk impaler/trident of flaming (8)]
 32329 | Shoals:4 | 32329 ||| DRINKING 2 potions of heal wounds.
 32348 | Shoals:4 | 32348 ||| INVOKING Berserk.
 32632 | Shoals:4 | 32632 ||| INVOKING Brothers in Arms.
 32662 | Shoals:4 | 32662 ||| INVOKING Brothers in Arms.
 32666 | Shoals:4 | 32666 ||| INVOKING Brothers in Arms.
 32667 | Shoals:4 | 32667 ||| INVOKING Brothers in Arms.
 32668 | Shoals:4 | 32668 ||| INVOKING Brothers in Arms.
 32669 | Shoals:4 | 32669 ||| EATING 15 bread rations.
 32670 | Shoals:4 | Killed Ilsuiw
 32671 | Shoals:4 | 32671 ||| INVOKING Burn Spellbooks.
 32685 | Shoals:4 | Reached skill level 15 in Shields
 32943 | Shoals:4 | Got an iridescent morningstar {protect}
 32944 | Shoals:4 | 32944 ||| UPGRADING to iridescent morningstar {protect}.
 32944 | Shoals:4 | Identified the cursed +1 morningstar of the Blessed Realm {protect, rPois Stlth+} (You took it off a merfolk on level 4 of the Shoals)
 32945 | Shoals:4 | 32945 ||| READING 3 scrolls of remove curse.
 32946 | Shoals:4 | 32946 ||| SWAPPING to +9 antimagic broad axe.
 32947 | Shoals:4 | 32947 ||| DROPPING +1 morningstar of the Blessed Realm {protect, rPois Stlth+}.
 33540 | Shoals:4 | Received a gift from Trog
 33830 | Shoals:4 | 33830 ||| INVOKING Trog's Hand.
 33831 | Shoals:4 | 33831 ||| INVOKING Brothers in Arms.
 33840 | Shoals:4 | 33840 ||| INVOKING Trog's Hand.
 33841 | Shoals:4 | 33841 ||| INVOKING Berserk.
 33865 | Shoals:4 | HP: 22/113 [merfolk javelineer/javelin of penetration (13)]
 33866 | Shoals:4 | 33866 ||| DRINKING potion of heal wounds.
 33869 | Shoals:4 | HP: 9/113 [merfolk javelineer/javelin of penetration (11)]
 33871 | Shoals:4 | 33871 ||| EATING 14 bread rations.
 33874 | Shoals:4 | HP: 11/113 [manticore (2)]
 33876 | Shoals:4 | 33876 ||| READING 7 scrolls of teleportation.
 33878 | Shoals:4 | HP: 4/113 [manticore (13)]
 34309 | Shoals:4 | Got a barnacled rune of Zot
 34350 | Shoals:4 | 34350 ||| UPGRADING to large shield.
 34360 | Shoals:4 | 34360 ||| UPGRADING to large shield.
 34370 | Shoals:4 | 34370 ||| DROPPING +2 shield.
 34371 | Shoals:4 | 34371 ||| UPGRADING to encrusted sapphire ring.
 34373 | Shoals:4 | 34373 ||| REMOVING ring of fire.
 34374 | Shoals:4 | 34374 ||| UPGRADING to ring of see invisible.
 34486 | Lair:2   | 34486 ||| EATING 12 royal jellies.
 34623 | Vaults:1 | Entered Level 1 of the Vaults
 34624 | Vaults:1 | 34624 ||| Entered V.
 34656 | Vaults:1 | 34656 ||| INVOKING Trog's Hand.
 34939 | Vaults:1 | 34939 ||| INVOKING Berserk.
 34940 | Vaults:1 | Reached XP level 18. HP: 120/120 MP: 6/18
 34945 | Vaults:1 | Reached skill level 16 in Fighting
 34969 | Vaults:1 | 34969 ||| INVOKING Brothers in Arms.
 35020 | Vaults:1 | 35020 ||| DROPPING +7 morningstar of Fragile Peace {pain, rC+}.
 35082 | Vaults:1 | 35082 ||| INVOKING Trog's Hand.
 35162 | Vaults:1 | 35162 ||| INVOKING Trog's Hand.
 35168 | Vaults:1 | Received a gift from Trog
 35887 | Vaults:1 | 35887 ||| INVOKING Trog's Hand.
 36105 | Vaults:1 | 36105 ||| INVOKING Brothers in Arms.
 36106 | Vaults:1 | 36106 ||| INVOKING Berserk.
 36287 | Vaults:2 | Found Loohecow's Antique Armour Emporium.
 36292 | Vaults:2 | Bought a pair of glowing boots for 195 gold pieces
 36292 | Vaults:2 | Bought a glowing cloak for 195 gold pieces
 36472 | Vaults:2 | 36472 ||| INVOKING Trog's Hand.
 36581 | Vaults:2 | Reached skill level 15 in Armour
 36833 | Vaults:2 | Found a staircase to the Crypt.
 36846 | Vaults:2 | 36846 ||| INVOKING Trog's Hand.
 37042 | Vaults:2 | Reached skill level 17 in Fighting
 37281 | Vaults:2 | 37281 ||| INVOKING Trog's Hand.
 37819 | Vaults:2 | 37819 ||| INVOKING Trog's Hand.
 37824 | Vaults:2 | 37824 ||| EATING 11 royal jellies.
 37911 | Vaults:2 | 37911 ||| UPGRADING to pair of glowing boots.
 37921 | Vaults:2 | 37921 ||| UPGRADING to +2 pair of boots.
 37931 | Vaults:2 | 37931 ||| DROPPING +1 pair of boots of stealth.
 37932 | Vaults:2 | 37932 ||| UPGRADING to glowing cloak.
 37942 | Vaults:2 | 37942 ||| DROPPING +1 cloak.
 37943 | Vaults:2 | 37943 ||| UPGRADING to glowing plate armour.
 37953 | Vaults:2 | 37953 ||| DROPPING +1 plate armour.
 38037 | Vaults:2 | 38037 ||| INVOKING Trog's Hand.
 38061 | Vaults:3 | 38061 ||| INVOKING Berserk.
 38080 | Vaults:3 | Reached XP level 19. HP: 124/128 MP: 6/19
 38167 | Vaults:3 | 38167 ||| INVOKING Trog's Hand.
 38181 | Vaults:3 | Received a gift from Trog
 38301 | Vaults:3 | 38301 ||| INVOKING Trog's Hand.
 38805 | Vaults:3 | 38805 ||| INVOKING Burn Spellbooks.
 38869 | Vaults:3 | 38869 ||| INVOKING Berserk.
 39003 | Vaults:3 | 39003 ||| INVOKING Trog's Hand.
 39004 | Vaults:3 | 39004 ||| INVOKING Brothers in Arms.
 39042 | Vaults:3 | 39042 ||| READING 6 scrolls of teleportation.
 39306 | Vaults:3 | 39306 ||| INVOKING Trog's Hand.
 39375 | Vaults:3 | 39375 ||| INVOKING Berserk.
 39518 | Vaults:3 | 39518 ||| INVOKING Brothers in Arms.
 39533 | Vaults:3 | 39533 ||| INVOKING Berserk.
 39550 | Vaults:3 | 39550 ||| INVOKING Burn Spellbooks.
 39553 | Vaults:3 | 39553 ||| READING 5 scrolls of teleportation.
 39614 | Vaults:3 | 39614 ||| INVOKING Trog's Hand.
 39615 | Vaults:3 | 39615 ||| INVOKING Berserk.
 39623 | Vaults:3 | Reached skill level 6 in Dodging
 39624 | Vaults:3 | Received a gift from Trog
 39633 | Vaults:3 | 39633 ||| EATING 11 royal jellies.
 39659 | Vaults:3 | Reached skill level 18 in Fighting
 39751 | Vaults:3 | 39751 ||| INVOKING Berserk.
 39759 | Vaults:3 | 39759 ||| READING 4 scrolls of teleportation.
 39763 | Vaults:3 | 39763 ||| EATING 10 royal jellies.
 40391 | Vaults:4 | 40391 ||| INVOKING Brothers in Arms.
 40404 | Vaults:4 | Received a gift from Trog
 40481 | Vaults:4 | Noticed Saint Roka
 40481 | Vaults:4 | 40481 ||| INVOKING Brothers in Arms.
 40482 | Vaults:4 | 40482 ||| INVOKING Brothers in Arms.
 40503 | Vaults:4 | Received a gift from Trog
 40505 | Vaults:4 | 40505 ||| INVOKING Berserk.
 40507 | Vaults:4 | Reached skill level 18 in Shields
 40524 | Vaults:4 | HP: 43/195 [Saint Roka/divine providence (10)]
 40528 | Vaults:4 | Killed Saint Roka
 40528 | Vaults:4 | Reached XP level 20. HP: 30/136 MP: 6/20
 40535 | Vaults:4 | 40535 ||| INVOKING Burn Spellbooks.
 40911 | Vaults:4 | 40911 ||| INVOKING Trog's Hand.
 40919 | Vaults:4 | 40919 ||| EATING 9 royal jellies.
 41477 | Vaults:4 | 41477 ||| INVOKING Trog's Hand.
 41596 | Vaults:4 | Noticed Xtahua
 41596 | Vaults:4 | 41596 ||| INVOKING Trog's Hand.
 41597 | Vaults:4 | 41597 ||| DRINKING potion of resistance.
 41604 | Vaults:4 | 41604 ||| INVOKING Berserk.
 41605 | Vaults:4 | Killed Xtahua
 41839 | Vaults:4 | Received a gift from Trog
 41874 | Vaults:4 | 41874 ||| INVOKING Burn Spellbooks.
 41941 | Vaults:4 | 41941 ||| INVOKING Trog's Hand.
 41945 | Vaults:4 | 41945 ||| INVOKING Berserk.
 41951 | Vaults:4 | Reached skill level 19 in Fighting
 42000 | Vaults:4 | 42000 ||| INVOKING Trog's Hand.
 42446 | Vaults:4 | 42446 ||| INVOKING Berserk.
 42458 | Vaults:4 | 42458 ||| EATING 8 royal jellies.
 42661 | Vaults:4 | 42661 ||| UPGRADING to runed plate armour.
 42671 | Vaults:4 | 42671 ||| DROPPING +0 ice dragon scales.
 42672 | Vaults:4 | 42672 ||| UPGRADING to shiny chain mail.
 42682 | Vaults:4 | 42682 ||| UPGRADING to +3 plate armour of cold resistance.
 42692 | Vaults:4 | 42692 ||| DROPPING +1 chain mail of poison resistance.
 42693 | Vaults:4 | 42693 ||| UPGRADING to shiny large shield.
 42703 | Vaults:4 | 42703 ||| DROPPING +0 large shield.
 42704 | Vaults:4 | 42704 ||| DROPPING +3 plate armour.
 42705 | Vaults:4 | 42705 ||| READING scroll labeled KOOSADDYNIO.
 42705 | Vaults:4 | Identified a scroll of acquirement
 42707 | Vaults:4 | 42707 ||| UPGRADING to pair of embroidered gloves.
 42850 | Vaults:2 | 42850 ||| INVOKING Trog's Hand.
 42875 | Vaults:2 | 42875 ||| INVOKING Trog's Hand.
 42887 | Vaults:2 | 42887 ||| INVOKING Trog's Hand.
 42890 | Vaults:2 | 42890 ||| EATING 7 royal jellies.
 43183 | Lair:5   | 43183 ||| EATING 6 royal jellies.
 43298 | Spider:1 | Entered Level 1 of the Spider Nest
 43299 | Spider:1 | 43299 ||| Entered N.
 43302 | Spider:1 | 43302 ||| STAIRDANCE
 43493 | Spider:1 | 43493 ||| DRINKING 12 potions of curing.
 43493 | Spider:1 | 43493 ||| (to cure confusion)
 43557 | Spider:1 | 43557 ||| INVOKING Brothers in Arms.
 43946 | Spider:1 | 43946 ||| INVOKING Brothers in Arms.
 44028 | Spider:1 | Reached skill level 18 in Armour
 44149 | Spider:1 | 44149 ||| READING 4 scrolls of teleportation.
 44150 | Spider:1 | 44150 ||| Stepping randomly (stuck).
 44400 | Spider:1 | Noticed Nikola
 44409 | Spider:1 | Killed Nikola
 44442 | Spider:1 | Received a gift from Trog
 44771 | Spider:1 | Reached XP level 21. HP: 144/144 MP: 7/21
 44867 | Spider:1 | 44867 ||| UPGRADING to glowing cloak.
 44877 | Spider:1 | 44877 ||| UPGRADING to +1 cloak of poison resistance.
 44887 | Spider:1 | 44887 ||| DROPPING +0 cloak of poison resistance.
 44888 | Spider:1 | 44888 ||| DROPPING 41 javelins.
 44889 | Spider:1 | 44889 ||| DROPPING 22 silver javelins.
 44890 | Spider:1 | 44890 ||| DROPPING 14 javelins of penetration.
 44891 | Spider:1 | 44891 ||| DROPPING 5 steel javelins.
 44892 | Spider:1 | 44892 ||| DROPPING 10 poisoned javelins.
 45026 | Spider:2 | 45026 ||| INVOKING Brothers in Arms.
 45377 | Spider:2 | 45377 ||| READING scroll of enchant armour.
 45377 | Spider:2 | 45377 ||| ENCHANTING +1 cloak of poison resistance.
 45387 | Spider:2 | 45387 ||| INVOKING Burn Spellbooks.
 45542 | Spider:2 | 45542 ||| READING scroll of enchant armour.
 45542 | Spider:2 | 45542 ||| ENCHANTING +3 plate armour of cold resistance.
 45654 | Spider:2 | 45654 ||| INVOKING Brothers in Arms.
 45756 | Spider:3 | 45756 ||| STAIRDANCE
 45784 | Spider:3 | 45784 ||| EATING 7 royal jellies.
 45836 | Spider:3 | Received a gift from Trog
 46627 | Spider:3 | 46627 ||| READING 18 scrolls of identify.
 46627 | Spider:3 | 46627 ||| IDENTIFYING black potion
 46628 | Spider:3 | 46628 ||| DROPPING potion of flight.
 46673 | Spider:4 | Entered Level 4 of the Spider Nest
 46674 | Spider:4 | 46674 ||| STAIRDANCE
 46680 | Spider:3 | 46680 ||| EATING 6 royal jellies.
 46687 | Spider:4 | 46687 ||| INVOKING Berserk.
 46695 | Spider:4 | 46695 ||| STAIRDANCE
 46781 | Spider:4 | 46781 ||| INVOKING Brothers in Arms.
 46855 | Spider:4 | 46855 ||| READING scroll of enchant armour.
 46855 | Spider:4 | 46855 ||| ENCHANTING +4 plate armour of cold resistance.
 46997 | Spider:4 | 46997 ||| STAIRDANCE
 47110 | Spider:4 | Reached skill level 20 in Fighting
 47161 | Spider:4 | 47161 ||| INVOKING Brothers in Arms.
 47515 | Spider:4 | 47515 ||| DRINKING 15 potions of curing.
 47515 | Spider:4 | 47515 ||| (to cure confusion)
 47608 | Spider:4 | Reached ****** piety under Trog
 47675 | Spider:4 | 47675 ||| INVOKING Brothers in Arms.
 47676 | Spider:4 | 47676 ||| INVOKING Brothers in Arms.
 47679 | Spider:4 | Received a gift from Trog
 47688 | Spider:4 | 47688 ||| INVOKING Brothers in Arms.
 47808 | Spider:4 | Got a gossamer rune of Zot
 48202 | D:15     | 48202 ||| EATING 7 royal jellies.
 48237 | Depths:1 | Entered Level 1 of the Depths
 48238 | Depths:1 | 48238 ||| Entered U.
 48264 | Depths:1 | 48264 ||| INVOKING Trog's Hand.
 48341 | Depths:1 | Received a gift from Trog
 48649 | Depths:1 | 48649 ||| INVOKING Berserk.
 48695 | Depths:1 | 48695 ||| EATING 6 royal jellies.
 48732 | Depths:1 | Found a gateway to a ziggurat.
 48754 | Depths:1 | 48754 ||| INVOKING Trog's Hand.
 48758 | Depths:1 | 48758 ||| INVOKING Brothers in Arms.
 48765 | Depths:1 | 48765 ||| INVOKING Berserk.
 48771 | Depths:1 | Reached XP level 22. HP: 152/152 MP: 7/22
 48805 | Depths:1 | 48805 ||| EATING 5 royal jellies.
 49087 | Depths:1 | 49087 ||| INVOKING Berserk.
 49089 | Depths:1 | 49089 ||| EATING 4 royal jellies.
 49338 | Depths:1 | Found a one-way gate leading to the halls of Pandemonium.
 49356 | Depths:1 | 49356 ||| Stepping randomly (cloudy).
 49357 | Depths:1 | 49357 ||| Stepping ~*~*~tactically~*~*~ (cloud).
 49360 | Depths:1 | 49360 ||| Stepping randomly (cloudy).
 49361 | Depths:1 | 49361 ||| Stepping randomly (cloudy).
 49363 | Depths:1 | 49363 ||| Stepping randomly (cloudy).
 49364 | Depths:1 | 49364 ||| Stepping ~*~*~tactically~*~*~ (cloud).
 49365 | Depths:1 | 49365 ||| Stepping ~*~*~tactically~*~*~ (cloud).
 49894 | Depths:1 | 49894 ||| INVOKING Burn Spellbooks.
 49904 | Depths:1 | Found a corrupted altar of Lugonu.
 50118 | Depths:2 | 50118 ||| READING 2 scrolls of enchant armour.
 50118 | Depths:2 | 50118 ||| ENCHANTING +5 plate armour of cold resistance.
 50119 | Depths:2 | 50119 ||| READING scroll of enchant armour.
 50119 | Depths:2 | 50119 ||| ENCHANTING +6 plate armour of cold resistance.
 50208 | Depths:2 | Reached skill level 21 in Fighting
 50364 | Depths:2 | Received a gift from Trog
 50650 | Depths:2 | 50650 ||| INVOKING Brothers in Arms.
 50652 | Depths:2 | 50652 ||| INVOKING Berserk.
 50795 | Depths:2 | 50795 ||| INVOKING Berserk.
 50871 | Depths:2 | 50871 ||| EATING 4 royal jellies.
 51007 | Depths:2 | 51007 ||| INVOKING Brothers in Arms.
 51012 | Depths:2 | 51012 ||| INVOKING Brothers in Arms.
 51056 | Depths:2 | 51056 ||| INVOKING Trog's Hand.
 51079 | Depths:2 | 51079 ||| INVOKING Brothers in Arms.
 51146 | Depths:2 | 51146 ||| INVOKING Brothers in Arms.
 51217 | Depths:2 | Found Zeugger's Antique Weapon Shop.
 51627 | Depths:2 | 51627 ||| UPGRADING to encrusted bronze ring.
 51629 | Depths:2 | 51629 ||| REMOVING ring of magical power.
 51630 | Depths:2 | 51630 ||| DROPPING ring of magical power.
 51631 | Depths:2 | 51631 ||| UPGRADING to ring of protection from fire.
 51632 | Depths:2 | 51632 ||| UPGRADING to ring of see invisible.
 51670 | Depths:3 | Reached skill level 21 in Shields
 51824 | Depths:3 | 51824 ||| STAIRDANCE
 51901 | Depths:3 | 51901 ||| STAIRDANCE
 52004 | Depths:3 | 52004 ||| INVOKING Brothers in Arms.
 52010 | Depths:3 | 52010 ||| INVOKING Brothers in Arms.
 52011 | Depths:3 | 52011 ||| INVOKING Brothers in Arms.
 52012 | Depths:3 | 52012 ||| INVOKING Brothers in Arms.
 52013 | Depths:3 | 52013 ||| INVOKING Brothers in Arms.
 52014 | Depths:3 | 52014 ||| READING 5 scrolls of teleportation.
 52019 | Depths:3 | 52019 ||| READING 4 scrolls of teleportation.
 52024 | Depths:3 | 52024 ||| READING 3 scrolls of teleportation.
 52034 | Depths:3 | 52034 ||| INVOKING Berserk.
 52042 | Depths:3 | 52042 ||| EATING 3 royal jellies.
 52047 | Depths:3 | 52047 ||| READING 2 scrolls of teleportation.
 52051 | Depths:3 | 52051 ||| READING scroll of teleportation.
 52055 | Depths:3 | 52055 ||| INVOKING Brothers in Arms.
 52056 | Depths:3 | 52056 ||| INVOKING Brothers in Arms.
 52087 | Depths:3 | Received a gift from Trog
 52091 | Depths:3 | Paralysed by a floating eye for 3 turns
 52094 | Depths:3 | 52094 ||| INVOKING Berserk.
 52099 | Depths:3 | 52099 ||| EATING 2 royal jellies.
 52122 | Depths:3 | 52122 ||| INVOKING Brothers in Arms.
 52129 | Depths:3 | 52129 ||| INVOKING Berserk.
 52137 | Depths:3 | HP: 47/232 [fire dragon/blast of flame (49)]
 52148 | Depths:3 | 52148 ||| DRINKING potion of heal wounds.
 52149 | Depths:3 | 52149 ||| INVOKING Brothers in Arms.
 52150 | Depths:3 | 52150 ||| INVOKING Brothers in Arms.
 52153 | Depths:3 | 52153 ||| EATING royal jelly.
 52189 | Depths:3 | 52189 ||| INVOKING Berserk.
 52197 | Depths:3 | Reached XP level 23. HP: 108/160 MP: 7/23
 52363 | Depths:3 | 52363 ||| EATING 24 fruits.
 52470 | Depths:3 | 52470 ||| STAIRDANCE
 52630 | Depths:2 | 52630 ||| EATING 23 fruits.
 52702 | Depths:3 | 52702 ||| INVOKING Brothers in Arms.
 52705 | Depths:3 | 52705 ||| INVOKING Brothers in Arms.
 52709 | Depths:3 | 52709 ||| INVOKING Brothers in Arms.
 52710 | Depths:3 | 52710 ||| INVOKING Brothers in Arms.
 52711 | Depths:3 | 52711 ||| INVOKING Brothers in Arms.
 52715 | Depths:3 | 52715 ||| DRINKING 14 potions of curing.
 52715 | Depths:3 | 52715 ||| (to cure confusion)
 52725 | Depths:3 | 52725 ||| EATING 22 fruits.
 52825 | Depths:3 | 52825 ||| EATING 21 fruits.
 52918 | Depths:3 | 52918 ||| INVOKING Trog's Hand.
 52920 | Depths:3 | Lost intelligence.
 52942 | Depths:3 | 52942 ||| DRINKING potion of experience.
 52942 | Depths:3 | Reached XP level 24. HP: 166/166 MP: 7/23
 52972 | Depths:3 | 52972 ||| EATING 20 fruits.
 53164 | Depths:3 | 53164 ||| EATING 19 fruits.
 53194 | Depths:3 | 53194 ||| DRINKING 13 potions of curing.
 53194 | Depths:3 | 53194 ||| (to cure confusion)
 53195 | Depths:3 | 53195 ||| INVOKING Brothers in Arms.
 53196 | Depths:3 | 53196 ||| INVOKING Brothers in Arms.
 53264 | Depths:3 | 53264 ||| INVOKING Brothers in Arms.
 53265 | Depths:3 | 53265 ||| INVOKING Brothers in Arms.
 53270 | Depths:3 | 53270 ||| INVOKING Brothers in Arms.
 53271 | Depths:3 | 53271 ||| INVOKING Brothers in Arms.
 53272 | Depths:3 | 53272 ||| INVOKING Brothers in Arms.
 53273 | Depths:3 | 53273 ||| INVOKING Brothers in Arms.
 53282 | Depths:3 | 53282 ||| INVOKING Brothers in Arms.
 53283 | Depths:3 | 53283 ||| INVOKING Brothers in Arms.
 53321 | Depths:3 | 53321 ||| EATING 18 fruits.
 53322 | Depths:3 | 53322 ||| EATING 17 fruits.
 53507 | Depths:3 | 53507 ||| EATING 16 fruits.
 53583 | Depths:3 | 53583 ||| DRINKING 13 potions of curing.
 53583 | Depths:3 | 53583 ||| (to cure confusion)
 53620 | Depths:3 | 53620 ||| DRINKING 12 potions of curing.
 53620 | Depths:3 | 53620 ||| (to cure confusion)
 53621 | Depths:3 | 53621 ||| INVOKING Trog's Hand.
 53652 | Depths:3 | 53652 ||| DRINKING 11 potions of curing.
 53652 | Depths:3 | 53652 ||| (to cure confusion)
 53656 | Depths:3 | 53656 ||| INVOKING Trog's Hand.
 53684 | Depths:3 | 53684 ||| EATING 25 bread rations.
 53685 | Depths:3 | 53685 ||| INVOKING Berserk.
 53947 | Depths:3 | Noticed an ancient lich
 53948 | Depths:3 | 53948 ||| INVOKING Trog's Hand.
 53953 | Depths:3 | 53953 ||| INVOKING Berserk.
 53958 | Depths:3 | Killed an ancient lich
 53959 | Depths:3 | 53959 ||| EATING 15 fruits.
 54002 | Depths:3 | 54002 ||| UPGRADING to twisted jade amulet.
 54004 | Depths:3 | 54004 ||| DROPPING +3 amulet of reflection.
 54013 | Depths:4 | 54013 ||| INVOKING Trog's Hand.
 54018 | Depths:4 | Reached skill level 22 in Fighting
 54037 | Depths:4 | 54037 ||| EATING 14 fruits.
 54176 | Depths:4 | 54176 ||| INVOKING Berserk.
 54233 | Depths:4 | 54233 ||| INVOKING Berserk.
 54487 | Depths:4 | Received a gift from Trog
 54794 | Depths:4 | 54794 ||| INVOKING Trog's Hand.
 54795 | Depths:4 | 54795 ||| INVOKING Berserk.
 55088 | Depths:4 | 55088 ||| EATING 13 fruits.
 55124 | Depths:4 | Noticed a greater mummy
 55124 | Depths:4 | 55124 ||| INVOKING Berserk.
 55132 | Depths:4 | Killed a greater mummy
 55133 | Depths:4 | 55133 ||| EATING 12 fruits.
 55202 | Depths:4 | Noticed a greater mummy
 55206 | Depths:4 | 55206 ||| INVOKING Berserk.
 55225 | Depths:4 | Killed a greater mummy
 55230 | Depths:4 | 55230 ||| EATING 11 fruits.
 55311 | Depths:4 | 55311 ||| EATING 10 fruits.
 55411 | Depths:4 | Noticed a greater mummy
 55419 | Depths:4 | 55419 ||| INVOKING Berserk.
 55427 | Depths:4 | Killed a greater mummy
 55685 | Depths:4 | 55685 ||| INVOKING Trog's Hand.
 55732 | Depths:4 | Found a one-way gate to the infinite horrors of the Abyss.
 55771 | Depths:4 | 55771 ||| INVOKING Brothers in Arms.
 55772 | Depths:4 | 55772 ||| INVOKING Brothers in Arms.
 56013 | Depths:4 | Found Gauc's Jewellery Emporium.
 56013 | Depths:4 | Found Jucis's Gadget Shop.
 56028 | Depths:4 | Found Upryop's Gadget Shop.
 56039 | Depths:4 | Bought an uncursed ring of protection from cold for 550 gold pieces
 56041 | Depths:4 | 56041 ||| DROPPING ring of ice.
 56078 | Depths:5 | Entered Level 5 of the Depths
 56111 | Depths:5 | Noticed Boris
 56111 | Depths:5 | 56111 ||| INVOKING Brothers in Arms.
 56112 | Depths:5 | 56112 ||| INVOKING Brothers in Arms.
 56117 | Depths:5 | Reached XP level 25. HP: 106/173 MP: 7/23
 56119 | Depths:5 | 56119 ||| INVOKING Berserk.
 56128 | Depths:5 | Killed Boris
 56319 | Depths:5 | 56319 ||| INVOKING Trog's Hand.
 56320 | Depths:5 | 56320 ||| INVOKING Brothers in Arms.
 56321 | Depths:5 | 56321 ||| INVOKING Brothers in Arms.
 56323 | Depths:5 | 56323 ||| INVOKING Berserk.
 56392 | Depths:5 | 56392 ||| INVOKING Brothers in Arms.
 56400 | Depths:5 | 56400 ||| INVOKING Berserk.
 56406 | Depths:5 | Reached skill level 9 in Dodging
 56415 | Depths:5 | Reached skill level 21 in Armour
 56423 | Depths:5 | 56423 ||| EATING 9 fruits.
 56505 | Depths:5 | 56505 ||| INVOKING Trog's Hand.
 56506 | Depths:5 | 56506 ||| INVOKING Brothers in Arms.
 56512 | Depths:5 | 56512 ||| READING scroll of teleportation.
 57063 | Depths:5 | Found Ruynalui's General Store.
 57171 | Depths:5 | 57171 ||| INVOKING Berserk.
 57192 | Depths:5 | 57192 ||| DRINKING potion of cancellation.
 57193 | Depths:5 | 57193 ||| INVOKING Brothers in Arms.
 57213 | Depths:5 | 57213 ||| INVOKING Brothers in Arms.
 57236 | Depths:5 | 57236 ||| Stepping ~*~*~tactically~*~*~ (cloud).
 57240 | Depths:5 | Reached skill level 23 in Fighting
 57245 | Depths:5 | 57245 ||| INVOKING Brothers in Arms.
 57260 | Depths:5 | HP: 18/176 [red draconian/searing blast (31)]
 57262 | Depths:5 | 57262 ||| INVOKING Berserk.
 57268 | Depths:5 | HP: 24/264 [green draconian monk (6)]
 57274 | Depths:5 | HP: 19/264 [green draconian monk (1)]
 57281 | Depths:5 | Found a gate to the Realm of Zot.
 57281 | Depths:5 | Splashed by a yellow draconian monk's acid

Vault maps used:
D:1:      ncdulo_halloftheorcs
D:2:      fedhas_altar_3, uniq_terence
D:3:      lemuel_doored_altar
D:4:      corexii_shack_village, uniq_crazy_yiuf_cottage
D:5:      lemuel_crystal_altar, minmay_temple_entry_butterflies, first_bread,
          grunt_gozag_statues
D:6:      serial_shops, kennysheep_mini_moat,
          hangedman_abyss_or_decor_lesser_grid, uniq_sigmund
D:7:      lemuel_round_altar, old_standard_altar, uniq_prince_ribbit1,
          uniq_duvessa, uniq_pikel
D:8:      lemuel_round_altar, hangedman_little_slice_of_home, st_stairs_8,
          lemuel_flame_loot_1, uniq_erica
D:9:      lemuel_round_altar, nicolae_overflow_hidden_temple,
          gammafunk_temple_overflow_forgotten, uniq_erolcha
D:10:     lair_entry_dummy, nicolae_trove_entry_columns,
          nicolae_ashenzari_panopticon
D:11:     patterned_corridor, uniq_urug, uniq_gastronok
D:12:     kennysheep_blocky_hall, serial_co_window_serial, co_window_paths_a,
          co_window_corner_a, co_window_of_opportunity_a,
          co_window_of_opportunity_a, co_window_of_opportunity_a,
          co_window_2corner, co_window_corner_b, co_window_2corner,
          co_window_unsneaky_path_c, co_window_2corner, co_window_2corner,
          co_window_paths_d
D:13:     david_vaults_3, uniq_frances, uniq_sonja
D:14:     minmay_misc_feat_plants
D:15:     grunt_enter_depths_magical_seal, minmay_ruined_shrine
Lair:1:   portal_ice_cave_entry_imps, beast_lair_carwin_4
Lair:2:   minmay_shoals_entry_hut, dummy_spider_entry, grunt_megastairs_4,
          infiniplex_staircase_pool
Lair:3:   serial_bayou_pond_e, grunt_megastairs_5, uniq_snorg, uniq_fannar
Lair:5:   nicolae_slime_entry_slimehenge, lab_entry_generic, lemuel_fruit_tree
Lair:6:   evil_forest, basic_altar, minivault_23, lemuel_oklob_altar,
          lemuel_fruit_fields, serial_bayou_shore_b, uniq_rupert
Shoals:3: nicolae_shoals_stone_sculpture_thing, st_sunken_huts, uniq_jorgrun
Shoals:4: shoals_end_simple, shoal_ilsuiw
Spider:1: uniq_nikola
Spider:4: grunt_spider_rune_parallel
Orc:1:    serial_shops, shop, shop, nicolae_shop_window_shopping,
          nicolae_shop_temple_entry_statues_fountains,
          chequers_guarded_unrand_ignorance
Orc:2:    st_orc_mages, serial_shops, shop
Vaults:1: v_misc_25, v_pattern_1, nicolae_vaults_shelves_hall,
          ontoclasm_vaults_chip, grunt_vaults_twisty, hangedman_vaults_stagger,
          v_misc_15, v_misc_28, hangedman_vaults_restitches,
          vaults_room_semicircle, vaults_room_stairs_pillars
Vaults:2: nicolae_vaults_puzzle_piece, nicolae_vaults_network_square, v_misc_26,
          v_misc_2, nicolae_vaults_little_squares_1,
          nicolae_vaults_little_squares_5, nicolae_vaults_sealed_display,
          hangedman_vaults_capsules, serial_ice_b, serial_shops,
          nicolae_shop_overgrown_old_shop
Vaults:3: v_alt_pattern_1, nicolae_vaults_what_the_h,
          nicolae_vaults_hallways_thing, ontoclasm_vaults_idyll,
          ontoclasm_vaults_misaligned, vaults_room_semicircle, st_octagons_1,
          ontoclasm_vaults_eye, dpeg_vaults_monster_box, ontoclasm_vaults_twist,
          vaults_room_ringed_pool, nicolae_vaults_shelves_hall,
          vaults_room_door_hall, vaults_dpeg_ring,
          nicolae_vaults_little_squares_4, portal_desolation_entry_twin_temple
Vaults:4: vaults_room_hallway, v_misc_27, nicolae_vaults_rhombus_5,
          hangedman_vaults_locks, hangedman_vaults_river_flow,
          nicolae_vaults_big_ls, v_misc_18, nicolae_vaults_ninety_degrees,
          grunt_vaults_bifocal, ontoclasm_vaults_fault,
          grunt_vaults_hallway_short, ontoclasm_vaults_gateway, uniq_xtahua,
          uniq_saint_roka
Depths:1: enter_ziggurat_f, hangedman_decor_diamond_cutter,
          pf_hell_entry_tar_river, grunt_pan_entry_in_and_out, tgw_lugonu_bribe
Depths:2: kennysheep_spiral_hall, serial_shops, shop, pf_coc_iceberg,
          serial_bayou_pond_e, minmay_staircase_statues_hall_small
Depths:3: lemuel_river_lethe, pan_entry, hell_entry
Depths:4: minmay_guarded_unrand_sceptre_of_torment, hangedman_decor_lopped,
          grunt_hell_horde, abyss_entry_small_statue_room, minmay_fountain_box,
          roderic_serpentine_path, serial_bayou_crossing, minmay_shop_grove
Depths:5: lemuel_castle_with_subvaults, grunt_decor_arrowhead,
          pf_dread_powers_of_hell, serial_shops, shop_fountains,
          serial_bayou_pond_c, serial_bayou_shore_b, uniq_boris

Skill      XL: |  1  2  3  4  5  6  7  8  9 10 11 12 13 14 15 16 17 18 19 20 21 22 23 24 25 |
---------------+----------------------------------------------------------------------------+-----
Axes           | 3 4 5 7 8 9 11 13 15 16 17 18 | 18.0
Armour         | 3 4 5 6 8 9 10 11 12 14 15 16 18 19 20 21 | 21.0
Fighting       | 5 6 8 9 10 11 12 13 14 15 17 18 19 20 21 22 23 | 23.0
Dodging        | 2 3 4 5 6 7 8 9 |  9.0
Shields        | 7 11 12 13 14 15 16 18 20 21 22 | 22.4

Action                   |  1- 3 |  4- 6 |  7- 9 | 10-12 | 13-15 | 16-18 | 19-21 | 22-24 | 25-27 || total
-------------------------+-------+-------+-------+-------+-------+-------+-------+-------+-------++-------
Melee: Hand axe          |   114 |   100 |       |       |       |       |       |       |       ||   214
       Peck              |       |    13 |    58 |   165 |   222 |   309 |   344 |   373 |    59 ||  1543
       War axe           |       |    54 |   323 |   695 |    56 |       |       |       |       ||  1128
       Broad axe         |       |       |       |       |   914 |  1325 |  1434 |  1292 |   254 ||  5219
       Flail             |       |       |       |       |    55 |       |       |       |       ||    55
Throw: Tomahawk          |       |       |    26 |    69 |     3 |       |       |       |       ||    98
       Javelin           |       |       |       |       |    58 |   117 |    55 |       |       ||   230
Invok: Berserk           |       |     3 |     7 |    15 |    16 |    12 |    12 |    15 |     5 ||    85
       Burn Spellbooks   |       |       |       |     2 |     3 |     1 |     4 |     1 |       ||    11
       Brothers in Arms  |       |       |       |     2 |    15 |    12 |    15 |    19 |     6 ||    69
       Trog's Hand       |       |       |       |     1 |     5 |    19 |    15 |     8 |     2 ||    50
 Abil: Fly               |       |       |       |       |     1 |       |       |       |       ||     1
  Use: Scroll            |     3 |     4 |     7 |    14 |    15 |     8 |     9 |     7 |     1 ||    68
       Potion            |     1 |     2 |     2 |     2 |     1 |     2 |     3 |     7 |     1 ||    21
 Stab: Distracted        |       |       |       |       |     2 |     1 |     1 |     1 |       ||     5
       Held in net/web   |       |       |       |       |       |       |     1 |       |       ||     1
  Eat: Chunk             |     2 |     8 |    15 |    40 |    44 |    48 |    38 |    23 |    11 ||   229
       Fruit             |       |     1 |     1 |     2 |       |       |       |    15 |     1 ||    20
       Royal jelly       |       |       |       |     4 |     5 |     5 |    10 |     6 |       ||    30
       Bread ration      |       |       |       |       |       |     1 |       |     1 |       ||     2
Armor: Animal skin       |    14 |       |       |       |       |       |       |       |       ||    14
       Plate armour      |    37 |    95 |   221 |   519 |   387 |   462 |   503 |   537 |    95 ||  2856
Dodge: Dodged            |    51 |    45 |   100 |   275 |   201 |   218 |   208 |   267 |    47 ||  1412
Block: Shield            |       |       |       |    51 |   697 |   694 |       |       |       ||  1442
       Reflection        |       |       |       |       |    53 |    87 |    83 |    71 |       ||   294
       Large shield      |       |       |       |       |       |   338 |  1460 |  1460 |   238 ||  3496
